 Dungeon Crawl Stone Soup version 0.22-a0-247-gbddf880 (webtiles) character file.

12 sankara the Charmwright (level 2, -2/23 (24) HPs)
             Began as a Ghoul Skald on Feb 26, 2018.
             Slain by a gnoll
             ... wielding a cursed -2 spear
              (6 damage)
             ... on level 1 of the Dungeon.
             The game lasted 00:02:05 (363 turns).

sankara the Charmwright (Ghoul Skald)                Turns: 363, Time: 00:02:06

HP:   -2/23 (24)    AC:  3    Str: 14    XL:     2   Next: 33%
MP:   3/4           EV: 11    Int:  8    God:
Gold: 9             SH:  0    Dex:  8    Spells: 4/5 levels left

rFire    . . .     SeeInvis .   a - +0 mace
rCold    + . .     Gourm    .   (no shield)
rNeg     + + +     Faith    .   b - +0 leather armour
rPois    ∞         Spirit   .   (no helmet)
rElec    .         Reflect  .   (no cloak)
rCorr    .         Harm     .   (no gloves)
MR       .....                  (no boots)
Stlth    +.........             (no amulet)
HPRegen  0.00/turn              (no ring)
MPRegen  0.09/turn              (no ring)

@: rotting
A: rotting body, claws 1, carnivore, cold resistance 1, negative energy
resistance 3, inhibited regeneration, torment resistance, unbreathing
a: no special abilities


You were on level 1 of the Dungeon.
You were not hungry.

You visited 1 branch of the dungeon, and saw 1 of its levels.

You collected 9 gold pieces.

Inventory:

Hand Weapons
 a - a +0 mace (weapon)
Missiles
 d - 50 stones (quivered)
Armour
 b - a +0 leather armour (worn)
Scrolls
 e - a scroll of remove curse {unknown}
 g - a scroll of identify {unknown}
Comestibles
 c - a ration
 f - 7 chunks of flesh {@w0}


   Skills:
 - Level 2.1 Fighting
 + Level 2.1 Maces & Flails
 - Level 0.8 Armour
 - Level 1.7 Dodging
 + Level 2.0 Spellcasting
 + Level 2.9 Charms


You had 4 spell levels left.
You knew the following spells:

 Your Spells              Type           Power        Failure   Level  Hunger
a - Infusion              Chrm           #...         13%         1    ##.....


Dungeon Overview and Level Annotations

Branches:
Dungeon (1/15)

Altars:


Innate Abilities, Weirdness & Mutations

Your body is rotting away.
You thrive on raw meat.
You are immune to poison.
You have sharp fingernails.
You are carnivorous and can eat meat at any time.
Your flesh is cold resistant. (rC+)
You are immune to negative energy. (rN+++)
You do not regenerate when monsters are visible.
You are immune to unholy pain and torment.
You can survive without breathing.


Message History

Eating one of 3 chunks of flesh {@w0}.
You eat one of the 3 chunks of flesh {@w0}.
This raw flesh tastes great!
A dart slug comes into view.
The dart slug launches a dart at you. The slug dart hits you!
A dart slug is nearby!
A dart slug is nearby!
The dart slug bites you.
You hit the dart slug.
The dart slug is lightly wounded.
The dart slug launches a dart at you. The slug dart hits you!
You are too injured to fight recklessly!
You are too injured to fight recklessly!
You are too injured to fight recklessly!
You hit the dart slug but do no damage.
The dart slug is lightly wounded.
You hit the dart slug.
The dart slug is moderately wounded.
The dart slug closely misses you.
You sock the dart slug!
You kill the dart slug!
Your Spellcasting skill increases to level 2!
You have reached level 2!
You see here a dart slug corpse.
You butcher the dart slug corpse.
f - 4 chunks of flesh {@w0} (gained 2)
You start resting.
You feel your flesh rotting away.
You start resting.
Eating one of 4 chunks of flesh {@w0}.
You eat one of the 4 chunks of flesh {@w0}.
You feel more resilient.
This raw flesh tastes great!
HP restored.
A hobgoblin comes into view. It is wielding a club.
The hobgoblin shouts!
The hobgoblin misses you.
You hit the hobgoblin.
The hobgoblin is heavily wounded.
The hobgoblin closely misses you.
You hit the hobgoblin.
You kill the hobgoblin!
No target in view!
No target in view!
Things that are here:
a club; a hobgoblin corpse You butcher the hobgoblin corpse.
f - 7 chunks of flesh {@w0} (gained 4)
Things that are here:
a club; a hobgoblin skeleton A kobold comes into view.
It is wielding a short sword.
The kobold shouts!
The kobold throws a stone.
The stone hits you but does no damage.
You see here a stone.
The kobold moves out of view.
Casting: Infusion (safe; 13% risk of failure)
Confirm with . or Enter, or press ? or * to list all spells.
You begin infusing your attacks with magical energy.
No target in view!
No target in view!
A giant cockroach comes into view.
The kobold throws a stone.
The stone barely misses you.
Something hits the plant but does no damage.
A gnoll comes into view. It is wielding a spear.
The kobold throws a stone.
The stone barely misses you.
The gnoll splashes around in the water.
The kobold completely misses you.
The gnoll hits the plant with a spear.
You sock the kobold!
You kill the kobold!
Your magical infusion is running out.
The gnoll hits the plant but does no damage.
The gnoll hits the plant but does no damage.
The giant cockroach bites you.
You see here 8 gold pieces.
You barely miss the giant cockroach. The giant cockroach misses you.
The gnoll hits the plant but does no damage.
The giant cockroach bites you but does no damage.
You hit the giant cockroach but do no damage.
The giant cockroach waves its antennae.
The giant cockroach bites you but does no damage.
You sock the giant cockroach!
You kill the giant cockroach!
You are no longer magically infusing your attacks.
You completely miss the gnoll. The gnoll hits you with a spear.
You barely miss the gnoll. The gnoll barely misses you. The gnoll misses you.
You barely miss the gnoll. The gnoll hits you with a spear.
You are too injured to fight recklessly!
You hit the gnoll.
The gnoll is moderately wounded.
You feel your flesh rotting away. The gnoll hits you with a spear!
You closely miss the gnoll.
The gnoll is moderately wounded.
The gnoll hits you with a spear.
* * * LOW HITPOINT WARNING * * *
The gnoll splashes around in the water.
You hit the gnoll.
The gnoll is severely wounded.
The gnoll hits you with a spear.
You die...

#.##..#### #.#......# ..
...... #.#......######.
......
#.#.............##......
#........##............
#...........PP.P.PP≈.###
#........#..P≈≈♣P≈PPPPP#
###......#..PP≈≈≈g≈≈≈≈.P
............+.P.@P≈♣≈≈≈P
#####.####.......PPP≈≈♣
####.# #........≈PP♣≈♣
#....# #.#...$).P≈PP♣
#....# #.#.......PP♣≈≈
#....# ##.#(.###PPPP♣ ≈
#....# #..#..≈≈≈P≈≈♣≈≈
#....###...(..P≈≈≈♣P≈≈≈
+..........PP≈≈♣≈P≈≈P##


You could see a gnoll.

Vanquished Creatures
  A dart slug (D:1)
  2 giant cockroaches (D:1)
  A hobgoblin (D:1)
  4 kobolds (D:1)
  A frilled lizard (D:1)
9 creatures vanquished.

Notes
Turn   | Place    | Note
-------+----------+-------------------------------------------
     0 | D:1      | sankara the Ghoul Skald began the quest for the Orb.
     0 | D:1      | Reached XP level 1. HP: 17/17 MP: 2/2
   212 | D:1      | Reached skill level 2 in Maces & Flails
   247 | D:1      | Reached skill level 2 in Spellcasting
   247 | D:1      | Reached XP level 2. HP: 13/24 MP: 4/4
   362 | D:1      | HP: 4/23 [gnoll/spear (3)]
   363 | D:1      | Slain by a gnoll

Vault maps used:
D:1:      lightli_arrival_statue_moat, serial_bayou, serial_bayou_lagoon_a,
          serial_bayou_crossing, serial_bayou_pond_c, serial_bayou_shore_a

Skill      XL: |  1 |
---------------+----+-----
Maces & Flails | 2 |  2.1
Spellcasting   | 2 |  2.0
Fighting       | |  2.1
Armour         | |  0.8
Dodging        | |  1.7
Charms         | |  2.9

Action                   || total
-------------------------++-------
Melee: Mace              ||    34
 Cast: Infusion          ||     1
  Eat: Chunk             ||     3
Armor: Leather armour    ||     6
Dodge: Dodged            ||    19

Table legend:
 A = Spawn XP
 B = Non-spawn XP
 C = Spawn XP percentage of total XP
 D = Spawn monster count
 E = Non-spawn monster count
 F = Spawn count percentage of total count
 G = Total turns spent on level
                    A         B        C        D         E        F      G
               +---------+---------+-------+---------+---------+-------+---------
         Total |       0 |      18 |   0.0 |       0 |       9 |   0.0 |   363
               +---------+---------+-------+---------+---------+-------+---------
           D:1 |       0 |      18 |   0.0 |       0 |       9 |   0.0 |   363
               +---------+---------+-------+---------+---------+-------+---------

Vault maps used:
D:1:      lightli_arrival_statue_moat, serial_bayou, serial_bayou_lagoon_a,
          serial_bayou_crossing, serial_bayou_pond_c, serial_bayou_shore_a

Table legend:
 A = Turns spent in this place as a percentage of turns spent in the entire game.
 B = Non-inter-level travel turns spent in this place as a percentage of non-inter-level travel turns spent in the entire game.
 C = Inter-level travel turns spent in this place as a percentage of turns spent in this place.
 D = Turns resting spent in this place as a percentage of non-inter-level travel turns spent in this place.
 E = Turns spent auto-exploring this place as a percentage of non-inter-level travel turns spent in this place.
 F = Non-inter-level travel turns spent in this place divided by the number of levels of this place that you've seen.
                   A       B       C       D       E      F
               +-------+-------+-------+-------+-------+----------------------
         Total | 100.0 | 100.0 |   0.0 |  33.9 |  39.4 | 363.0
       Dungeon | 100.0 | 100.0 |   0.0 |  33.9 |  39.4 | 363.0
               +-------+-------+-------+-------+-------+----------------------

Table legend:
 A = Kills in this place as a percentage of kills in entire the game.
 B = Kills by you in this place as a percentage of kills by you in the entire game.
 C = Kills by friends in this place as a percentage of kills by friends in the entire game.
 D = Other kills in this place as a percentage of other kills in the entire game.
 E = Experience gained in this place as a percentage of experience gained in the entire game.
 F = Experience gained in this place divided by the number of levels of this place that you have seen.
                   A       B       C       D       E      F
               +-------+-------+-------+-------+-------+----------------------
         Total | 100.0 | 100.0 |   N/A |   N/A | 100.0 |  18.0
       Dungeon | 100.0 | 100.0 |   N/A |   N/A | 100.0 |  18.0
               +-------+-------+-------+-------+-------+----------------------
